PR
OGALLALA OCTOPI @ TULSA OTTERS
07/16/2033
 
TOP OF THE 1ST
Ogallala Octopi batting - Pitching for Tulsa Otters : RHP Carlos Vargas
Pitching: RHP Carlos Vargas
Batting: RHB Salvador Gisbert 0-0: Ball
1-0: Called Strike
1-1: Foul Ball, location: 2F
1-2: Ball
2-2: Foul Ball, location: 2F
2-2: Foul Ball, location: 2F
2-2: Foul Ball, location: 2F
2-2: Strikes out swinging
Batting: RHB Lenny Minto 0-0: Ball
1-0: Foul Ball, location: 2F
1-1: Called Strike
1-2: Fly out, F9 (Flyball, 9S)
Batting: SHB Milojica Kordic 0-0: Ball
1-0: Ball
2-0: Called Strike
2-1: Swinging Strike
2-2: Strikes out swinging
Top of the 1st over - 0 runs, 0 hits, 0 errors, 0 left on base; Ogallala 0 - Tulsa 0
BOTTOM OF THE 1ST
Tulsa Otters batting - Pitching for Ogallala Octopi : LHP Maik van Osch
Pitching: LHP Maik van Osch
Batting: LHB Roberto Rivera 0-0: Foul Ball, location: 2F
0-1: Called Strike
0-2: Ground out 4-3 (Groundball, 4)
Batting: RHB Pat Hopkins 0-0: Ground out 5-3 (Groundball, 56)
Batting: RHB Jaypee Layug 0-0: Fly out, F6 (Line Drive, 56)
Bottom of the 1st over - 0 runs, 0 hits, 0 errors, 0 left on base; Ogallala 0 - Tulsa 0
TOP OF THE 2ND
Ogallala Octopi batting - Pitching for Tulsa Otters : RHP Carlos Vargas
Batting: LHB Lauren Hilfiker 0-0: Swinging Strike
0-1: Ball
1-1: Called Strike
1-2: Ball
2-2: Strikes out swinging
Batting: RHB Isagani Gorre 0-0: Ball
1-0: Ball
2-0: Ball
3-0: Called Strike
3-1: Fly out, F4 (Flyball, 34D)
Batting: RHB Carlos Martínez 0-0: Swinging Strike
0-1: Foul Ball, location: 2F
0-2: Ball
1-2: Fly out, F8 (Flyball, 8RD)
Top of the 2nd over - 0 runs, 0 hits, 0 errors, 0 left on base; Ogallala 0 - Tulsa 0
BOTTOM OF THE 2ND
Tulsa Otters batting - Pitching for Ogallala Octopi : LHP Maik van Osch
Batting: RHB David Snider 0-0: Ball
1-0: Called Strike
1-1: Swinging Strike
1-2: Strikes out swinging
Batting: SHB Naif Na'Il bin Musa 0-0: Ball
1-0: Ball
2-0: SINGLE (Flyball, 34D)
Batting: RHB Jim Schroeder 0-0: Called Strike
0-1: Ball
1-1: Ball
2-1: Ball
3-1: Fly out, F4 (Line Drive, 4)
Batting: RHB Zee-loo Li 0-0: Swinging Strike
0-1: Ball
1-1: Ball
2-1: Fly out, F9 (Flyball, 9LS)
Bottom of the 2nd over - 0 runs, 1 hit, 0 errors, 1 left on base; Ogallala 0 - Tulsa 0
TOP OF THE 3RD
Ogallala Octopi batting - Pitching for Tulsa Otters : RHP Carlos Vargas
Batting: RHB Phil van Oosterom 0-0: Called Strike
0-1: Ball
1-1: Foul Ball, location: 2F
1-2: Foul Ball, location: 2F
1-2: Ball
2-2: Foul Ball, location: 2F
2-2: SINGLE (Flyball, 89S)
Batting: RHB Sehinsah Al-Fanari 0-0: Called Strike
0-1: Fly out, F5 (Popup, 5SF)
Batting: RHB Mike Moss 0-0: Called Strike
0-1: Called Strike
0-2: Ball
1-2: Ball
2-2: SINGLE (Groundball, 6D)
Phil van Oosterom to second
Batting: RHB Salvador Gisbert 0-0: Called Strike
0-1: Swinging Strike
0-2: Foul Ball, location: 2F
0-2: Ball
1-2: Strikes out swinging
Batting: RHB Lenny Minto 0-0: DOUBLE (Flyball, 78D)
Phil van Oosterom scores
Mike Moss to third
Runner from 3rd tries for Home, SAFE, no throw
Batting: SHB Milojica Kordic 0-0: Foul Ball, location: 2F
0-1: Foul Ball, location: 2F
0-2: Ball
1-2: Ball
2-2: Strikes out swinging
Top of the 3rd over - 2 runs, 3 hits, 0 errors, 1 left on base; Ogallala 2 - Tulsa 0
BOTTOM OF THE 3RD
Tulsa Otters batting - Pitching for Ogallala Octopi : LHP Maik van Osch
Batting: RHB Fernando Flores 0-0: Called Strike
0-1: Foul Ball, location: 2F
0-2: Ball
1-2: Ball
2-2: Ball
3-2: Foul Ball, location: 2F
3-2: SINGLE (Groundball, 6MD)
Batting: RHB Bill Cobb 0-0: Foul Ball, location: 2F
0-1: Swinging Strike
0-2: Ball
1-2: Ball
2-2: Ball
3-2: Strikes out swinging
Batting: LHB Roberto Rivera 0-0: Ball
1-0: Ball
2-0: Grounds out, U3 (Groundball, 3L)
Batting: RHB Pat Hopkins 0-0: Ball
1-0: Ground out 6-3 (Groundball, 56)
Bottom of the 3rd over - 0 runs, 1 hit, 0 errors, 1 left on base; Ogallala 2 - Tulsa 0
TOP OF THE 4TH
Ogallala Octopi batting - Pitching for Tulsa Otters : RHP Carlos Vargas
Batting: LHB Lauren Hilfiker 0-0: Called Strike
0-1: Ball
1-1: Swinging Strike
1-2: Ball
2-2: Strikes out swinging
Batting: RHB Isagani Gorre 0-0: Ball
1-0: Foul Ball, location: 2F
1-1: Called Strike
1-2: Foul Ball, location: 2F
1-2: Strikes out looking
Batting: RHB Carlos Martínez 0-0: Swinging Strike
0-1: Swinging Strike
0-2: Ball
1-2: Strikes out swinging
Top of the 4th over - 0 runs, 0 hits, 0 errors, 0 left on base; Ogallala 2 - Tulsa 0
BOTTOM OF THE 4TH
Tulsa Otters batting - Pitching for Ogallala Octopi : LHP Maik van Osch
Batting: RHB Jaypee Layug 0-0: Called Strike
0-1: Swinging Strike
0-2: Foul Ball, location: 2F
0-2: Ball
1-2: Ball
2-2: Ball
3-2: Foul Ball, location: 2F
3-2: Strikes out swinging
Batting: RHB David Snider 0-0: Ball
1-0: Fly out, F7 (Flyball, 78M)
Batting: SHB Naif Na'Il bin Musa 0-0: Foul Ball, location: 2F
0-1: Ball
1-1: Ball
2-1: Foul Ball, location: 2F
2-2: Ball
3-2: Fly out, F8 (Line Drive, 8RM)
Bottom of the 4th over - 0 runs, 0 hits, 0 errors, 0 left on base; Ogallala 2 - Tulsa 0
TOP OF THE 5TH
Ogallala Octopi batting - Pitching for Tulsa Otters : RHP Carlos Vargas
Batting: RHB Phil van Oosterom 0-0: Called Strike
0-1: Ball
1-1: Ball
2-1: Foul Ball, location: 2F
2-2: Ball
3-2: Strikes out swinging
Batting: RHB Sehinsah Al-Fanari 0-0: Called Strike
0-1: Swinging Strike
0-2: SINGLE (Groundball, 56D)
Batting: RHB Mike Moss 0-0: Ball
1-0: Called Strike
1-1: SINGLE (Groundball, 4MD)
Sehinsah Al-Fanari to second
Batting: RHB Salvador Gisbert 0-0: Called Strike
0-1: Called Strike
0-2: Fly out, F9 (Flyball, 9LM)
Batting: RHB Lenny Minto 0-0: Foul Ball, location: 2F
0-1: Ball
1-1: SINGLE (Groundball, 34S) (infield hit)
Sehinsah Al-Fanari to third
Mike Moss to second
Batting: SHB Milojica Kordic 0-0: Called Strike
0-1: Foul Ball, location: 2F
0-2: Foul Ball, location: 2F
0-2: Ball
1-2: Fielders Choice at 2nd, 6-4 (Groundball, 6)
Top of the 5th over - 0 runs, 3 hits, 0 errors, 3 left on base; Ogallala 2 - Tulsa 0
BOTTOM OF THE 5TH
Tulsa Otters batting - Pitching for Ogallala Octopi : LHP Maik van Osch
Batting: RHB Jim Schroeder 0-0: Called Strike
0-1: Called Strike
0-2: Ball
1-2: Ball
2-2: Strikes out swinging
Batting: RHB Zee-loo Li 0-0: Called Strike
0-1: Ball
1-1: Ball
2-1: Fly out, F7 (Flyball, 7)
Batting: RHB Fernando Flores 0-0: Called Strike
0-1: Foul Ball, location: 2F
0-2: Strikes out swinging
Bottom of the 5th over - 0 runs, 0 hits, 0 errors, 0 left on base; Ogallala 2 - Tulsa 0
TOP OF THE 6TH
Ogallala Octopi batting - Pitching for Tulsa Otters : RHP Carlos Vargas
Batting: LHB Lauren Hilfiker 0-0: Called Strike
0-1: SINGLE (Groundball, 4MD)
Batting: RHB Isagani Gorre 0-0: Called Strike
0-1: Ball
1-1: Ball
2-1: Called Strike
2-2: 2-RUN HOME RUN (Flyball, 9LD), Distance : 336 ft
Pitching: RHP Jeff Dunn
Batting: RHB Carlos Martínez 0-0: Called Strike
0-1: Called Strike
0-2: Ground out 4-3 (Groundball, 4)
Batting: RHB Phil van Oosterom 0-0: Foul Ball, location: 2F
0-1: Ball
1-1: Ball
2-1: Foul Ball, location: 2F
2-2: SINGLE (Flyball, 7LS)
Batting: RHB Sehinsah Al-Fanari 0-0: Swinging Strike
0-1: Foul Ball, location: 2F
0-2: Strikes out swinging
Batting: RHB Mike Moss 0-0: Swinging Strike
0-1: Called Strike
0-2: Ball
1-2: Ball
Wild Pitch!
Phil van Oosterom to second
2-2: Ball
3-2: Strikes out swinging
Top of the 6th over - 2 runs, 3 hits, 0 errors, 1 left on base; Ogallala 4 - Tulsa 0
BOTTOM OF THE 6TH
Tulsa Otters batting - Pitching for Ogallala Octopi : LHP Maik van Osch
Batting: RHB Bill Cobb 0-0: Ball
1-0: Ball
2-0: Foul Ball, location: 2F
2-1: Ball
3-1: SINGLE (Groundball, 6) (infield hit)
Batting: LHB Roberto Rivera 0-0: Ball
1-0: Called Strike
1-1: Grounds into double play, 1-6-3 (Groundball, 13)
Batting: RHB Pat Hopkins 0-0: Called Strike
0-1: Ball
1-1: Ball
2-1: Ball
3-1: Base on Balls
Batting: RHB Jaypee Layug 0-0: Ball
1-0: Fly out, F7 (Flyball, 7D)
Bottom of the 6th over - 0 runs, 1 hit, 0 errors, 1 left on base; Ogallala 4 - Tulsa 0
TOP OF THE 7TH
Ogallala Octopi batting - Pitching for Tulsa Otters : RHP Jeff Dunn
Batting: RHB Salvador Gisbert 0-0: Ball
1-0: Ball
2-0: Foul Ball, location: 2F
2-1: Ball
3-1: Called Strike
3-2: Foul Ball, location: 2F
3-2: Base on Balls
Batting: RHB Lenny Minto 0-0: Ball
1-0: Called Strike
1-1: Ball
2-1: Foul Ball, location: 2F
2-2: Foul Ball, location: 2F
2-2: Foul Ball, location: 2F
2-2: Grounds into double play, 4-6-3 (Groundball, 4D)
Batting: SHB Milojica Kordic 0-0: Called Strike
0-1: Called Strike
0-2: Foul Ball, location: 2F
0-2: SINGLE (Flyball, 78S)
Batting: LHB Lauren Hilfiker 0-0: Swinging Strike
0-1: Fly out, F8 (Line Drive, 8LD)
Top of the 7th over - 0 runs, 1 hit, 0 errors, 1 left on base; Ogallala 4 - Tulsa 0
BOTTOM OF THE 7TH
Tulsa Otters batting - Pitching for Ogallala Octopi : LHP Maik van Osch
Batting: RHB David Snider 0-0: Called Strike
0-1: Foul Ball, location: 2F
0-2: Ball
1-2: Ball
2-2: DOUBLE (Line Drive, 7D)
Batting: SHB Naif Na'Il bin Musa 0-0: Called Strike
0-1: Ball
1-1: Foul Ball, location: 2F
1-2: Ground out 3-1 (Groundball, 3S)
David Snider to third
Batting: RHB Jim Schroeder 0-0: Swinging Strike
0-1: Ground out 4-3 (Groundball, 4)
David Snider scores
Batting: RHB Zee-loo Li 0-0: Foul Ball, location: 2F
0-1: TRIPLE (Flyball, 8RXD)
Batting: RHB Fernando Flores 0-0: Foul Ball, location: 2F
0-1: Ball
1-1: Swinging Strike
1-2: Strikes out looking
Bottom of the 7th over - 1 run, 2 hits, 0 errors, 1 left on base; Ogallala 4 - Tulsa 1
TOP OF THE 8TH
Ogallala Octopi batting - Pitching for Tulsa Otters : RHP Jeff Dunn
Batting: RHB Isagani Gorre 0-0: Ball
1-0: Called Strike
1-1: SINGLE (Flyball, 8RS)
Batting: RHB Carlos Martínez 0-0: Sac Bunt - play at first, batter OUT! 1-3
Isagani Gorre to second
Batting: RHB Phil van Oosterom 0-0: Ball
1-0: Called Strike
1-1: Ball
2-1: Called Strike
2-2: Hit by Pitch
Batting: RHB Sehinsah Al-Fanari 0-0: Ball
1-0: Foul Ball, location: 2F
1-1: Foul Ball, location: 2F
1-2: Ball
2-2: Ball
3-2: SINGLE (Groundball, 6MD)
Isagani Gorre to third
Phil van Oosterom to second
Pinch Hitting: RHB Anthon Oort 0-0: Ball
1-0: SINGLE (Groundball, 34D)
Isagani Gorre scores
Phil van Oosterom to third
Sehinsah Al-Fanari to second
Runner from 3rd tries for Home, SAFE, no throw
Batting: RHB Salvador Gisbert 0-0: Called Strike
0-1: Foul Ball, location: 2F
0-2: Ball
1-2: Strikes out swinging
Pitching: LHP Kieran Parham
Batting: RHB Lenny Minto 0-0: Ball
1-0: Foul Ball, location: 2F
1-1: SINGLE (Line Drive, 7S)
Sehinsah Al-Fanari to third
Anthon Oort to second
Runner from 3rd tries for Home, SAFE, no throw
Batting: SHB Milojica Kordic 0-0: Foul Ball, location: 2F
0-1: Ball
1-1: Ball
2-1: Ground out 3-1 (Groundball, 34S)
Top of the 8th over - 3 runs, 4 hits, 0 errors, 2 left on base; Ogallala 7 - Tulsa 1
BOTTOM OF THE 8TH
Tulsa Otters batting - Pitching for Ogallala Octopi : LHP Maik van Osch
Now in CF: Anthon Oort
Batting: RHB Bill Cobb 0-0: Ball
1-0: Called Strike
1-1: Foul Ball, location: 2F
1-2: Strikes out swinging
Pitching: RHP Ángel Herrera
Batting: LHB Roberto Rivera 0-0: Swinging Strike
0-1: Ball
1-1: Ball
2-1: Ball
3-1: Foul Ball, location: 2F
3-2: Foul Ball, location: 2F
3-2: Ground out 3-1 (Groundball, 34)
Batting: RHB Pat Hopkins 0-0: Foul Ball, location: 2F
0-1: Swinging Strike
0-2: Ball
1-2: Fly out, F7 (Flyball, 7D)
Bottom of the 8th over - 0 runs, 0 hits, 0 errors, 0 left on base; Ogallala 7 - Tulsa 1
TOP OF THE 9TH
Ogallala Octopi batting - Pitching for Tulsa Otters : LHP Kieran Parham
Pitching: LHP Mark Morgan
Batting: LHB Lauren Hilfiker 0-0: Ball
1-0: Called Strike
1-1: Ball
2-1: Ground out 4-3 (Groundball, 34)
Batting: RHB Isagani Gorre 0-0: Foul Ball, location: 2F
0-1: Called Strike
0-2: Foul Ball, location: 2F
0-2: Ball
1-2: Strikes out swinging
Batting: RHB Carlos Martínez 0-0: Ball
1-0: Ball
2-0: Ball
3-0: Base on Balls
Batting: RHB Phil van Oosterom 0-0: Called Strike
0-1: Foul Ball, location: 2F
0-2: Foul Ball, location: 2F
0-2: SINGLE (Groundball, 4MD)
Carlos Martínez to second
Runner from 2nd tries for 3rd, SAFE, no throw
Batting: RHB Sehinsah Al-Fanari 0-0: Ball
1-0: Foul Ball, location: 2F
1-1: Ball
2-1: Foul Ball, location: 2F
2-2: Foul Ball, location: 2F
2-2: Foul Ball, location: 2F
2-2: Ball
3-2: Strikes out swinging
Top of the 9th over - 0 runs, 1 hit, 0 errors, 2 left on base; Ogallala 7 - Tulsa 1
BOTTOM OF THE 9TH
Tulsa Otters batting - Pitching for Ogallala Octopi : RHP Ángel Herrera
Batting: RHB Jaypee Layug 0-0: Ball
1-0: Called Strike
1-1: Foul Ball, location: 2F
1-2: Ball
2-2: Strikes out swinging
Batting: RHB David Snider 0-0: Ball
1-0: Ball
2-0: Called Strike
2-1: Swinging Strike
2-2: Strikes out swinging
Batting: SHB Naif Na'Il bin Musa 0-0: Ball
1-0: Ball
2-0: Ball
3-0: Called Strike
3-1: Called Strike
3-2: Fly out, F8 (Flyball, 8RD)
Bottom of the 9th over - 0 runs, 0 hits, 0 errors, 0 left on base; Ogallala 7 - Tulsa 1
Saturday, December 22nd, 2018 - OOTP Baseball 18.8 Build 76